 Dungeon Crawl Stone Soup version 0.28-a0-1435-g82390b3a13 (webtiles) character file.

Game seed: 9022839737442552545

6 MacCMillion the Stinger (level 1, -1/13 HPs)
             Began as a Demonspawn Venom Mage on Jan 9, 2022.
             Slain by a ball python (2 damage)
             ... on level 1 of the Dungeon.
             The game lasted 00:01:46 (362 turns).

MacCMillion the Stinger (Demonspawn Venom Mage)      Turns: 362, Time: 00:01:46

Health: -1/13      AC:  2    Str:  8    XL:     1   Next: 75%
Magic:  0/3        EV:  9    Int: 16    God:
Gold:   0          SH:  0    Dex: 13    Spells: 3/4 levels left

rFire   . . .      SeeInvis .   (no weapon)
rCold   . . .      Faith    .   (no shield)
rNeg    . . .      Spirit   .   a - +0 robe
rPois   .          Reflect  .   (no helmet)
rElec   .          Harm     .   (no cloak)
rCorr   .          Rampage  .   (no gloves)
Will    .....                   (no boots)
Stlth   ++........              (no amulet)
HPRegen 0.04/turn               (no ring)
MPRegen 0.08/turn               (no ring)

@: constricted
A: no striking features
a: no special abilities


You were on level 1 of the Dungeon.
You visited 1 branch of the dungeon, and saw 1 of its levels.

Inventory:

Armour
 a - a +0 robe (worn)
Jewellery
 c - a ring of protection from cold
Scrolls
 b - a scroll of silence {unknown}


   Skills:
 + Level 1.9 Dodging
 + Level 1.9 Stealth
 - Level 2.0 Spellcasting
 - Level 1.0 Transmutations
 * Level 3.2 Poison Magic


You had 3 spell levels left.
You knew the following spells:

 Your Spells              Type           Power      Damage    Failure   Level
a - Sting                 Tmut/Pois      32%        1d4       9%          1

Your spell library contained the following spells:

 Spells                   Type           Power      Damage    Failure   Level
 Poisonous Vapours        Pois/Air       12%        N/A       16%         2
 Mephitic Cloud           Conj/Pois/Air  5%         N/A       38%         3
 Olgreb's Toxic Radiance  Pois           11%        N/A       50%         4


Dungeon Overview and Level Annotations

Branches:
Dungeon (1/15)

Altars:


Message History

The ball python barely misses you.
Things that are here:
a +0 dagger; a kobold corpse Your magical contamination has completely faded away.
The ball python misses you. The ball python grabs you.
The ball python constricts you.
You escape the ball python's grasp.
The ball python closely misses you. The ball python misses you.
The ball python barely misses you. x2
The ball python bites you. The ball python grabs you.
The ball python constricts you.
You escape the ball python's grasp.
Things that are here:
a +0 dagger; a kobold corpse The sting misses the ball python.
The ball python bites you. The ball python closely misses you.
The sting hits the ball python.
The ball python is poisoned.
The ball python is moderately wounded.
The ball python bites you. The ball python misses you.
The ball python barely misses you. The ball python grabs you.
The ball python constricts you.
You are too injured to fight recklessly!
You escape the ball python's grasp.
The ball python barely misses you. The ball python misses you.
You closely miss the ball python. The ball python misses you.
The ball python barely misses you. The ball python closely misses you.
The ball python grabs you. The ball python constricts you.
You hit the ball python but do no damage.
The ball python bites you.
* * * LOW HITPOINT WARNING * * *
The ball python constricts you.
You hit the ball python but do no damage.
The ball python is moderately wounded.
The ball python bites you.
* * * LOW HITPOINT WARNING * * *
The ball python constricts you.
You closely miss the ball python.
The ball python is moderately wounded.
The ball python looks more healthy.
The ball python bites you.
You die...

##### #...###### #........#
#....#...###♣♣♣♣♣♣
##########....#...#.+......
#........)....#...#.#♣P♣♣♣♣
#.......##....#...#.#♣P♣♣P♣
#.......##S.#.#.#...#♣.♣P..
#......†##@..###....#♣....⌠
#.......##....#...#.#♣♣♣...
#.......#...........# ♣♣..
#.......#.........### ♣♣.
#.......#.........# ♣.
#.......#.........# ♣♣
##.................#########
...........................>
#.#####............#########


You could see a ball python.

Vanquished Creatures
  An endoplasm (D:1)
  A giant cockroach (D:1)
  A hobgoblin (D:1)
  A bat (D:1)
  A frilled lizard (D:1)
  A kobold (D:1)
6 creatures vanquished.

Notes
Turn   | Place    | Note
-------+----------+-------------------------------------------
     0 | D:1      | MacCMillion the Demonspawn Venom Mage began the quest for
                  | the Orb.
     0 | D:1      | Reached XP level 1. HP: 13/13 MP: 3/3
   187 | D:1      | Reached skill level 1 in Transmutations
   362 | D:1      | Slain by a ball python

Illustrated notes

Levels and vault maps discovered:
D:1:      psy_arrival_fountain, layout_basic,
          shapermc_ecumenical_altar_totnotflames, serial_shops,
          nicolae_shop_advertising_works [nicolae_subvault_shop_adworks],
          minmay_surrounded

Skill      XL: |  1 |
---------------+----+-----
Transmutations | 1 |  1.0
Dodging        | |  1.9
Stealth        | |  1.9
Spellcasting   | |  2.0
Poison Magic   | |  3.2

Action                   || total
-------------------------++-------
Melee: Unarmed           ||     4
 Cast: Sting             ||    13
Armor: Robe              ||     3
Dodge: Dodged            ||    27

Table legend: (Time is in decaauts)
 A = Elapsed time spent in this place.
 B = Non-inter-level travel time spent in this place.
 C = Inter-level travel time spent in this place.
 D = Time resting spent in this place.
 E = Time spent auto-exploring this place.
 F = Levels seen in this place.
 G = Mean time per level.
                   A        B        C        D        E       F      G
               +--------+--------+--------+--------+--------+-----+--------+
         Total |    362 |    362 |      0 |     17 |    240 |   1 |  362.0 |
       Dungeon |    362 |    362 |      0 |     17 |    240 |   1 |  362.0 |
               +--------+--------+--------+--------+--------+-----+--------+

Top non-repeatable levels by time:
     D:1: 362 daAuts
